 Dungeon Crawl Stone Soup version 0.29.0-4-gdea44cf6ec (webtiles) character file.

Game seed: 16850708259847655039

2 qw the Grasshopper (level 1, -2/12 HPs)
             Began as a Tengu Warper on Aug 28, 2022.
             Killed from afar by a dart slug (5 damage)
             ... with a slug dart
             ... on level 1 of the Dungeon.
             The game lasted 00:00:00 (17 turns).

qw the Grasshopper (Tengu Warper)                     Turns: 17, Time: 00:00:00

Health: -2/12      AC:  3    Str: 11    XL:     1   Next: 30%
Magic:  4/4        EV: 11    Int: 13    God:
Gold:   0          SH:  0    Dex: 13    Spells: 4/4 levels left

rFire   . . .      SeeInvis .   a - +0 hand axe
rCold   . . .      Faith    .   (no shield)
rNeg    . . .      Spirit   .   b - +0 leather armour
rPois   .          Reflect  .   (helmet restricted)
rElec   .          Harm     .   (no cloak)
rCorr   .          Rampage  .   (no gloves)
Will    .....                   (boots unavailable)
Stlth   +.........              (no amulet)
HPRegen 0.04/turn               (no ring)
MPRegen 0.09/turn               (no ring)

@: no status effects
A: beak, talons 3
a: no special abilities


You were on level 1 of the Dungeon.
You visited 1 branch of the dungeon, and saw 1 of its levels.


Innate Abilities, Weirdness & Mutations

You have a beak for a mouth.
You have claws for feet.


   Skills:
 - Level 2.0 Fighting
 + Level 2.4 Axes
 - Level 1.0 Throwing
 - Level 1.1 Armour
 - Level 2.1 Dodging
 - Level 2.0 Spellcasting
 - Level 2.4 Translocations


You had 4 spell levels left.
You didn't know any spells.
Your spell library contained the following spells:

 Spells                   Type           Power      Damage    Failure   Level
 Blink                    Tloc           14%        N/A       19%         2
 Gell's Gravitas          Tloc           7%         N/A       36%         3
 Lesser Beckoning         Tloc           7%         N/A       36%         3
 Teleport Other           Tloc           7%         N/A       36%         3
 Manifold Assault         Tloc           7%         N/A       98%         5

Inventory:

Hand Weapons
 a - a +0 hand axe (weapon)
Missiles
 d - 4 boomerangs of dispersal (quivered)
Armour
 b - a +0 leather armour (worn)
Scrolls
 c - a scroll of blinking

Dungeon Overview and Level Annotations

Branches:
Dungeon (1/15)

Altars:


Message History

Press: ? - help, Q - select action Shift-Dir - straight line, f - kobold You throw a boomerang of dispersal.
The boomerang of dispersal misses the kobold.
A dart slug comes into view.
A dart slug comes into view.
The kobold closely misses you.
You hit the kobold.
You kill the kobold!
The quokka bites you but does no damage.
You closely miss the quokka. Your kick misses the quokka.
The quokka closely misses you.
You hit the quokka but do no damage. You claw the quokka.
The quokka is lightly wounded.
The quokka barely misses you. The quokka misses you.
You closely miss the quokka. Your kick misses the quokka.
The quokka is lightly wounded.
The quokka bites you. The dart slug launches a dart at you.
The slug dart hits you.
You barely miss the quokka. Your kick misses the quokka.
The quokka is lightly wounded.
The quokka bites you.
You closely miss the quokka. Your peck misses the quokka.
The quokka is lightly wounded.
The quokka closely misses you. The quokka bites you.
The dart slug launches a dart at you. The slug dart hits you.
You barely miss the quokka. Your kick misses the quokka.
Your peck misses the quokka.
The quokka is lightly wounded.
You hit the dart slug.
The quokka twitches its whiskers.
The quokka completely misses you.
You hit the dart slug but do no damage.
The dart slug is moderately wounded.
You closely miss the quokka. The quokka barely misses you.
The dart slug misses you. The dart slug launches a dart at you.
The slug dart hits you.
You die...

..####.## .# ....
.......###.# ......
........... ......
#.........
..)...##....... .
#............# ...
#............##....
..........!........
.........r@........
.......<...ww...##.
......>.........#
.!.................
...................
#............##....
#............# ....
......##....... ...
...... .......


You could see 2 dart slugs and a quokka.

Vanquished Creatures
  A giant cockroach (D:1)
  A kobold (D:1)
2 creatures vanquished.

Notes
Turn   | Place    | Note
-------+----------+-------------------------------------------
     0 | D:1      | qw the Tengu Warper began the quest for the Orb.
     0 | D:1      | Reached XP level 1. HP: 12/12 MP: 4/4
     0 | D:1      | 0 ||| qw: Version: 0.1-a-89-g26bdef1
     0 | D:1      | 0 ||| qw: Game counter: 857
     0 | D:1      | 0 ||| qw: Always use a shield: true
     0 | D:1      | 0 ||| qw: God list: Okawaru
     0 | D:1      | 0 ||| qw: Allow faded altars: false
     0 | D:1      | 0 ||| qw: Do Orc after D:15 true
     0 | D:1      | 0 ||| qw: Do second Lair branch before Depths: true
     0 | D:1      | 0 ||| qw: Lair rune preference: random
     0 | D:1      | 0 ||| qw: Plans: Normal
     0 | D:1      | 0 ||| PLANNING D:1-11
    15 | D:1      | HP: 3/12 [dart slug/slug dart (3)]
    17 | D:1      | Killed from afar by a dart slug

Levels and vault maps discovered:
D:1:      dpeg_arrival_stonehenge_8_columns, layout_rooms, dk_noncrumbling_3

Action                   || total
-------------------------++-------
Melee: Hand axe          ||     9
       Kick              ||     2
Throw: Boomerang         ||     3
Armor: Leather armour    ||     1
Dodge: Dodged            ||     9

Table legend:
 A = Non-vault XP
 B = Vault XP
 C = Vault XP percentage of total XP
 D = Non-vault monster count
 E = Vault monster count
 F = Vault count percentage of total count
                 A         B        C        D         E       F
            +---------+---------+-------+---------+---------+-------
      Total |       3 |       0 |   0.0 |       2 |       0 |   0.0
            +---------+---------+-------+---------+---------+-------
        D:1 |       3 |       0 |   0.0 |       2 |       0 |   0.0
            +---------+---------+-------+---------+---------+-------
